 Dungeon Crawl Stone Soup version 0.18-a0-822-gb52b7b4 (webtiles) character file.

799082 timbw the Demonologist (level 26, 7/118 HPs)
             Began as a Felid Summoner on Mar 5, 2015.
             Was the Champion of Sif Muna.
             Quit the game on level 3 of the Depths on Dec 16, 2015.
             The game lasted 09:32:21 (52177 turns).

timbw the Demonologist (Felid Summoner)            Turns: 52177, Time: 09:32:21

Health: 7/118      AC:  5    Str:  4    XL:     26   Next: 21%
Magic:  4/45       EV: 33    Int: 27    God:    Sif Muna [******]
Gold:   5042       SH:  0    Dex: 18    Spells: 12 memorised, 2 levels left
                                        Lives:  2   Deaths: 5

rFire  . . .     SeeInvis +     (weapon unavailable)
rCold  + . .     Gourm    .     (armour unavailable)
rNeg   . . .     Faith    .     (shield unavailable)
rPois  .         Spirit   +     (helmet unavailable)
rElec  .         Dismiss  .     (cloak unavailable)
rCorr  .         Reflect  .     (gloves unavailable)
SustAt +         Harm     .     (boots unavailable)
MR     +++..                    d - amulet of guardian spirit
Stlth  ++++++++..               v - ring "Tweinergh" {SustAt Stlth+}
                                U - ring of teleport control (curse)

@: death's door, very slightly contaminated, regenerating, hasted, repel
missiles, very quick, extremely resistant to hostile enchantments,
extraordinarily stealthy
A: no armour, no weapons or thrown items, fangs 3, thin metallic scales 1, see
invisible, carnivore 3, speed 1, shaggy fur 3, slow metabolism 1, sharp paws
a: Channel Energy, Forget Spell, Renounce Religion
}: 11/15 runes: decaying, serpentine, slimy, silver, golden, abyssal, demonic,
glowing, magical, fiery, dark


You were on level 3 of the Depths.
You worshipped Sif Muna.
Sif Muna was exalted by your worship.
You were very full.

You visited 13 branches of the dungeon, and saw 67 of its levels.
You visited Pandemonium 2 times, and saw 31 of its levels.
You visited the Abyss 2 times.
You visited 3 ziggurats, and saw 29 of their levels (deepest: 11).
You also visited: Bailey, Ice Cave and Wizlab.

You collected 7848 gold pieces.
You spent 2806 gold pieces at shops.

Inventory:

Jewellery
 b - the ring of the Peasants {+/*Tele rF+ rN+}
   (You found it on level 8 of a ziggurat)

   [ring of teleportation]

   It may teleport you next to monsters, and can be evoked to randomly teleport.
   It protects you from fire.
   It protects you from negative energy.
 d - an amulet of guardian spirit (around neck)
 e - the cursed ring of Groxeh {Fire Str+4 Dex+4}
   (You took it off a fire giant on level 2 of the Depths)

   [ring of fire]

   It enhances your fire magic, and weakens your ice magic.
   It affects your strength (+4).
   It affects your dexterity (+4).
   It protects you from fire.
   It makes you vulnerable to cold.
   It has a curse placed upon it.
 l - a cursed ring of sustain attributes
 v - the ring "Tweinergh" (right paw) {SustAt Stlth+}
   (You found it on level 8 of a ziggurat)

   [ring of sustain attributes]

   It sustains your strength, intelligence and dexterity.
   It makes you more stealthy.
 A - an uncursed ring of wizardry
 B - the cursed ring "Rynoawnu" {+Inv Str+3 Stlth+}
   (You found it on level 9 of a ziggurat)

   [ring of invisibility]

   It affects your strength (+3).
   It lets you turn invisible.
   It makes you more stealthy.
   It has a curse placed upon it.
 D - a cursed amulet of resist corrosion
 F - a cursed ring of protection from cold
 H - an uncursed ring of flight
 N - the cursed ring "Dienog" {MR+ Str+5}
   (You took it off a deep elf annihilator on level 3 of the Elven Halls)

   [ring of strength]

   It affects your strength (+5).
   It affects your resistance to hostile enchantments.
   It has a curse placed upon it.
 Q - a cursed ring of poison resistance
 U - a cursed ring of teleport control (left paw)
 W - a cursed amulet of harm
Wands
 n - a wand of teleportation (4)
 o - a wand of fire (5)
 t - a wand of digging (5)
 I - a wand of hasting (5)
 L - a wand of disintegration (11)
 X - a wand of digging (15)
Scrolls
 i - 9 scrolls of teleportation
 y - 4 scrolls of magic mapping
 z - 15 scrolls of recharging
 C - 3 scrolls of summoning
 J - 2 scrolls of blinking
 M - 15 scrolls of remove curse
 O - 5 scrolls of identify
 T - 3 scrolls of fear
 V - 4 scrolls of fog
Potions
 a - 5 potions of invisibility
 g - 3 potions of cancellation
 h - 12 potions of curing
 m - 7 potions of brilliance
 p - 7 potions of agility
 q - 4 potions of restore abilities
 r - 2 potions of haste
 s - a potion of magic
 x - 2 potions of resistance
 G - a potion of might
 K - 2 potions of heal wounds
 Z - 6 potions of cure mutation
Books
 u - a book of Air

   Spells                             Type                      Level
   a - Shock                          Conjuration/Air              1
   b - Swiftness                      Charms/Air                   2
   c - Repel Missiles                 Charms/Air                   2
   d - Static Discharge               Conjuration/Air              3
   e - Lightning Bolt                 Conjuration/Air              5
 w - a book of the Warp

   Spells                             Type                      Level
   a - Recall                         Summoning/Translocation      3
   b - Gell's Gravitas                Hexes/Translocation          3
   c - Force Lance                    Conjuration/Translocation    4
   d - Phase Shift                    Translocation                5
   e - Warp Weapon                    Charms/Translocation         5
   f - Summon Forest                  Summoning/Translocation      5
 E - a Necronomicon {highlevel}

   Spells                             Type                      Level
   a - Haunt                          Necromancy/Summoning         7
   b - Borgnjor's Revivification      Necromancy                   8
   c - Death's Door                   Charms/Necromancy            8
   d - Necromutation                  Transmutation/Necromancy     8
 P - Sif Muna's Almanac of Twisted Companions
   (Sif Muna gifted it to you on level 6 of the Lair of Beasts)

   Spells                             Type                      Level
   a - Abjuration                     Summoning                    3
   b - Call Canine Familiar           Summoning                    3
   c - Recall                         Summoning/Translocation      3
   d - Summon Forest                  Summoning/Translocation      5
   e - Aura of Abjuration             Summoning                    5
Miscellaneous
 f - a crystal ball of energy
 j - a phial of floods
 k - a phantom mirror
 S - a legendary deck of wonders {the Mercenary}
 Y - a fan of gales
Comestibles
 c - 12 meat rations


   Skills:
 + Level 13.7 Fighting
 + Level 17.1 Dodging
 * Level 13.7 Stealth
 - Level 17.6 Spellcasting
 - Level 10.4 Charms
 * Level 22.2 Summonings
 * Level 21.0 Necromancy
 - Level 13.7 Transmutations
 * Level 14.4 Invocations
 - Level 9.8 Evocations


You had 2 spell levels left.
You knew the following spells:

 Your Spells              Type           Power        Failure   Level  Hunger
a - Haste                 Chrm           ######..     6%          6    ###....
b - Recall                Summ/Tloc      N/A          1%          3    None
c - Summon Horrible Thin  Summ           #######...   1%          8    ######.
d - Necromutation         Trmt/Necr      #######...   12%         8    ######.
e - Dragon's Call         Summ           #######...   21%         9    #######
f - Shadow Creatures      Summ           N/A          0%          5    None
g - Abjuration            Summ           #######...   0%          3    None
h - Regeneration          Chrm/Necr      #######...   0%          3    None
i - Repel Missiles        Chrm/Air       ######       1%          2    None
j - Apportation           Tloc           ###.......   1%          1    None
k - Blink                 Tloc           N/A          3%          2    None
l - Death's Door          Chrm/Necr      #######...   21%         8    ######.


Dungeon Overview and Level Annotations

Branches:
Dungeon (15/15)            Temple (1/1) D:4            Lair (8/8) D:10
  Swamp (5/5) Lair:5        Snake (5/5) Lair:6        Slime (6/6) Lair:8
    Orc (4/4) D:9             Elf (3/3) Orc:3        Vaults (5/5) D:14
  Crypt (3/3) Vaults:2       Tomb (3/3) Crypt:3      Depths (5/5) D:15
    Zot (4/5) Depths:5

Altars:
Ashenzari
Dithmenos
Elyvilon
Fedhas
Gozag
Kikubaaqudgha
Nemelex Xobeh
Qazlal
Ru
Sif Muna
Trog
Vehumet
Xom
The Shining One
Beogh
Jiyva
Lugonu

Shops:
Orc:3 ([*   Orc:4 :*[(   Elf:1 (   Elf:2 *   Vaults:1 [   Vaults:3 :
Vaults:5 =}   Depths:4 (

Portals:
Hell: Depths:1 Depths:2 Depths:3 Depths:4 Depths:5
Pandemonium: Depths:1 Depths:2 Depths:3
Trove: Depths:4 (give wand of hasting (8))

Annotations:
D:3 Natasha
Lair:5 exclusion: oklob plant


Innate Abilities, Weirdness & Mutations

You cannot wear armour.
You are incapable of wielding weapons or throwing items.
You have razor-sharp teeth.
You have supernaturally acute eyesight.
You are carnivorous and can eat meat at any time.
You cover ground quickly.
Your thick and shaggy fur keeps you warm (AC +3, rC+).
You have a slow metabolism.
Your sharp claws are effective at attacking unaware monsters.
You are partially covered in thin metallic scales (AC +2).


Message History

Okay, then.
You are a level 26 Felid Summoner.
You are 21% of the way to level 27.
If you died right now, you'd get an extra life in 0.79 levels' worth of XP.
Play time: 09:31:26 (52177 turns) Evoke which item? (* to show all) (? for menu, Esc to quit)
Okay, then.
Drink which item? (? for menu, Esc to quit)
Okay, then.
Drink which item? (? for menu, Esc to quit)
Okay, then.
Saving game... please wait.
Welcome back, timbw the Felid Summoner.
Sif Muna whispers: I know many secrets...
Press ? for a list of commands and other information.
Unknown command.
Saving game... please wait.
Welcome back, timbw the Felid Summoner.
Sif Muna whispers: I know many secrets...
Press ? for a list of commands and other information.
Are you sure you want to abandon this character and quit the game? (Confirm with "yes".)

#......#.##.########...#.#
.[.....#.................#
............######..####.#
...#.######..).).......###
............###....###.#
.###.######.#.###'##.#.#
............##'....'##.#
.###.........#.#''#.#..#
#.......#....'.+@.'.#..#
..###.#.#....#.+..'.'..#
..# #.#.###..#.#''#.#..##
..# #.#.# #.##'....'##..#
#.# #.#.###.#.##'###.#..#
#.# #.......###....###..#
..# #...................#
### #..........#.#.####.#
#####..........#........#


There were no monsters in sight!

Vanquished Creatures
  4 acid blobs (Slime:6)
  A storm dragon (Slime:6)
  7 azure jellies (Slime:6)
  An orc warlord (Orc:4)
  2 balrugs
  A ghost moth (Zig:3)
  2 vault wardens (Vaults:5)
  A deep elf sorcerer (Vaults:5)
  A removed MONS_UNBORN (Tomb:3)
  2 mummy priests
  A death ooze (Slime:6)
  2 hydras
  A yaktaur captain (Vaults:5)
  An ice dragon (Slime:6)
  A harpy (Orc:4)
  An orc high priest (Orc:4)
  A lindwurm (Vaults:5)
  2 ironbrand convokers (Vaults:5)
  An orc sorcerer (Orc:4)
  7 large abominations
  A water elemental (Slime:6)
  2 shadows (Tomb:3)
  A mottled dragon (Vaults:1)
  A water moccasin (Swamp:2)
  An orc warrior (Orc:4)
  5 boggarts
  A centaur (WizLab)
  An ogre (Vaults:5)
  A giant frog (D:14)
  A wight (Pan)
  A jelly (D:10)
  A giant frog zombie (D:6)
  An orc wizard (Orc:4)
  2 gnolls (D:5)
  A river rat (Lair:1)
  A giant eyeball (shapeshifter) (Vaults:5)
  An ufetubus (Depths:1)
  An adder zombie (D:5)
  9 orcs
  A bat skeleton (D:4)
  A quokka (Lair:2)
  2 bats
  2 rats (D:6)
  A toadstool (WizLab)
80 creatures vanquished.

Vanquished Creatures (collateral kills)
  Gloorx Vloq (Pan)
  The ghost of McCoppin the Slayer, a legendary NaFi of Ashenzari (Pan)
  Tiamat (Zot:1)
  2 ancient liches
  An orb of fire (Zot:2)
  21 greater mummies
  A shard shrike (Slime:6)
  Sojobo (Crypt:1)
  Saint Roka (Depths:5)
  6 caustic shrikes (Depths:3)
  4 Killer Klowns (Pan)
  11 golden dragons
  2 pandemonium lords (Pan)
  Frederick (Depths:3)
  The ghost of nht the Axe Maniac, a mighty MiBe of Lugonu (Crypt:2)
  6 bone dragons
  5 Brimstone Fiends (Pan)
  An electric golem (Zot:4)
  4 liches
  4 Ice Fiends
  4 Hell Sentinels (Pan)
  16 tentacled monstrosities
  2 deep elf blademasters (Elf:3)
  7 titans
  23 acid blobs
  3 deep elf master archers
  2 Shadow Fiends (Pan)
  3 quicksilver dragons
  12 sphinxes
  Rupert (Lair:8)
  Agnes (Depths:1)
  8 tentacled starspawn
  18 Executioners
  6 thorn hunters
  13 shadow dragons
  13 ancient champions
  8 tengu reavers
  15 storm dragons
  2 daevas (Pan)
  5 azure jellies
  4 draconian monks
  4 revenants
  11 greater nagas
  A fire giant (shapeshifter) (Zig:5)
  2 chaos champions
  11 fire giants
  5 frost giants
  3 emperor scorpions
  15 vault wardens
  4 draconian knights
  3 orc warlords
  4 curse skulls
  2 angels (Pan)
  10 cacodemons
  2 draconian zealots (Zot:1)
  2 draconian scorchers (Zig:6)
  3 warmongers (Pan)
  17 balrugs
  Jorgrun (Tomb:1)
  9 ironheart preservers
  A spriggan defender (Depths:2)
  7 deep elf sorcerers
  23 very ugly things
  7 reapers
  15 stone giants
  5 draconian annihilators
  4 war gargoyles
  A stone giant (shapeshifter) (Zig:5)
  A draconian caller (Zot:1)
  A vampire knight (Depths:2)
  3 blood saints (Pan)
  8 grey draconians
  An apis (Pan)
  11 deep elf annihilators
  A black draconian (Depths:5)
  2 pale draconians
  12 red draconians
  2 white draconians (Zot:1)
  8 deep elf demonologists
  Azrael (Snake:1)
  5 lorocyprocas
  2 yellow draconians (Zot:3)
  3 corrupters (Pan)
  6 bennus (Tomb:2)
  6 black suns (Pan)
  6 mottled draconians
  3 removed
  MONS_UNBORNs (Tomb:1)
  A dire elephant (Depths:1)
  4 eidola
  9 deep elf death magi
  11 blizzard demons (Pan)
  10 ettins
  16 mummy priests
  38 vault guards
  11 green deaths
  A quicksilver dragon zombie (Tomb:3)
  12 jiangshi
  A crystal guardian (Abyss:5)
  11 yaktaur captains
  7 death oozes
  4 minotaurs
  16 great orbs of eyes
  2 deep elf high priests (Elf:3)
  6 rakshasas
  8 death cobs
  19 fire dragons
  Fannar (D:13)
  19 ice dragons
  22 naga warriors
  8 hydras
  A ghost crab (shapeshifter) (Depths:5)
  Nessos (Elf:1)
  12 centaur warriors
  4 monstrous demonspawn (Pan)
  The ghost of 4thArraOfDagon the Grappler, an experienced TrIE of Qazlal (D:9)
  7 spriggan air magi
  5 catoblepae
  4 anacondas
  13 ogre magi
  13 deep troll earth magi
  14 deep troll shamans
  6 alligators
  3 orc high priests (Orc:4)
  4 satyrs
  4 death knights
  25 death yaks
  A titan zombie (Tomb:1)
  4 vampire magi
  6 hell hogs
  16 naga sharpshooters
  5 shock serpents
  7 thrashing horrors
  9 hell knights
  A storm dragon zombie (Zig:8)
  19 sun demons
  Nergalle (Lair:4)
  6 spriggan berserkers
  4 fire crabs
  8 soul eaters
  11 wretched stars
  15 deep elf knights
  A harpy (Vaults:4)
  4 salamander mystics
  2 titan skeletons (Crypt:3)
  16 shadow wraiths
  4 hell beasts (Pan)
  8 ice devils
  A cherub (Pan)
  34 skeletal warriors
  4 unseen horrors
  4 iron trolls
  3 spatial maelstroms (Abyss:5)
  52 large abominations
  5 naga ritualists
  7 torturous demonspawn (Pan)
  8 anubis guards (Tomb:1)
  2 storm dragon skeletons
  8 swamp dragons
  A death drake (Zig:8)
  43 death scarabs
  A lindwurm (Lair:8)
  10 flayed ghosts
  34 deep trolls
  Erolcha (D:13)
  6 infernal demonspawn (Pan)
  8 removed MONS_DEEP_ELF_SUMMONERs
  10 gelid demonspawn (Pan)
  3 giant orange brains
  3 ice statues (IceCv)
  A spectral hydra (Crypt:1)
  A shadow dragon zombie (Zig:8)
  13 removed MONS_DEEP_ELF_CONJURERs
  6 shadow demons (Pan)
  12 ironbrand convokers
  A lindwurm (shapeshifter) (Vaults:4)
  5 putrid demonspawn (Pan)
  19 orc knights
  4 griffons
  7 hill giants
  A sphinx zombie (Depths:4)
  2 golden dragon skeletons
  2 anaconda skeletons (Crypt:3)
  8 salamanders
  2 wizards
  3 wolf spiders
  5 necromancers
  An iron dragon zombie (Depths:1)
  2 fire giant zombies
  A frost giant zombie (Depths:1)
  A stone giant zombie (Zig:8)
  3 fauns (WizLab)
  14 phantasmal warriors
  5 hornets
  9 mana vipers
  A worldbinder (Abyss:3)
  A draconian (shapeshifter) (Depths:1)
  A water nymph (shapeshifter) (Vaults:5)
  A sphinx skeleton (Zig:8)
  16 orc sorcerers
  3 manticores
  15 black mambas
  A salamander (shapeshifter) (Depths:2)
  4 fire giant skeletons
  6 centaur zombies
  6 rust devils
  4 eyes of devastation
  37 ugly things
  24 elephants
  6 guardian serpents
  19 sixfirhies
  A black mamba (shapeshifter) (Depths:5)
  11 shining eyes
  6 stone giant skeletons
  9 spiny frogs
  A spectral elf (Zig:9)
  An elephant (shapeshifter) (Vaults:3)
  3 torpor snails
  4 gargoyles
  12 naga magi
  2 frost giant skeletons (Crypt:3)
  21 moths of wrath
  14 vault sentinels
  A shock serpent skeleton (Pan)
  8 komodo dragons
  A dire elephant zombie (Pan)
  18 orange demons
  5 spectral swamp worms (Depths:4)
  A storm dragon simulacrum (Tomb:1)
  4 apocalypse crabs
  7 hellions
  2 elf skeletons
  5 efreet
  A queen ant (shapeshifter) (Depths:2)
  A golden dragon simulacrum (Depths:1)
  2 dire elephant skeletons
  28 yaktaurs
  24 smoke demons
  A sea snake zombie (Crypt:3)
  A kobold demonologist (Vaults:2)
  8 removed MONS_DEEP_ELF_PRIESTs
  12 demonic crawlers
  3 fire drakes
  3 ancient zymes
  A catoblepas skeleton (Crypt:3)
  6 tormentors
  15 hellwings
  An anaconda simulacrum (Tomb:2)
  2 silent spectres
  30 guardian mummies
  2 human zombies
  27 two-headed ogres
  7 wandering mushrooms
  A queen bee (Depths:2)
  9 trolls
  6 freezing wraiths
  4 polar bears
  12 red devils
  A giant leech (Swamp:1)
  3 harpy skeletons
  3 jumping spiders
  A moth of wrath zombie (Zot:1)
  A raiju (shapeshifter) (D:14)
  3 hydra skeletons
  A fire vortex (Depths:1)
  2 jumping spiders (shapeshifter)
  13 blink frogs
  A minotaur skeleton (Crypt:3)
  5 bog bodies
  A removed MONS_RAVEN (shapeshifter) (Vaults:1)
  13 removed MONS_BLUE_DEVILs
  19 ushabtiu
  4 boulder beetles
  102 slime creatures
  A spectral swamp dragon (Crypt:1)
  A deep troll zombie (Depths:1)
  17 deep elf magi
  6 air elementals
  2 frost giant simulacra
  22 raiju
  10 wraiths
  4 removed
  MONS_BABY_ALLIGATORs (Swamp:3)
  5 removed MONS_RAVENs
  5 vampires
  4 wyverns
  2 fire dragon skeletons
  2 ettin skeletons
  A spriggan (Depths:3)
  25 flying skulls
  A redback (Depths:4)
  A griffon skeleton (Crypt:1)
  9 ynoxinuls
  A satyr skeleton (Crypt:3)
  41 starcursed masses
  22 fire elementals
  2 tarantellas (shapeshifter)
  11 water elementals
  2 ice dragon skeletons
  3 steam dragons
  A yaktaur simulacrum (Depths:1)
  2 hungry ghosts
  3 spriggan skeletons
  7 basilisks
  13 hippogriffs
  11 shadows
  Eustachio (D:9)
  A fire bat (shapeshifter) (Depths:2)
  2 tarantellas
  A black mamba skeleton (Crypt:3)
  8 chaos spawn
  4 golden eyes
  25 neqoxecs
  20 removed MONS_DEEP_ELF_FIGHTERs
  48 yaks
  5 spatial vortices (Abyss:5)
  16 vampire mosquitoes
  17 swamp worms
  4 fire bats (Abyss:2)
  A naga (shapeshifter) (Vaults:5)
  31 wolves
  56 nagas
  3 ogre zombies
  12 porcupines
  5 insubstantial wisps (Swamp:2)
  26 water moccasins
  2 mottled dragons
  3 soldier ants
  5 wargs
  A soldier ant (shapeshifter) (Vaults:5)
  6 swamp drakes
  A swamp drake (shapeshifter) (Depths:1)
  A gelid demonspawn skeleton (Crypt:1)
  A spectral snapping turtle (Crypt:1)
  10 ice beasts
  An anubis guard zombie (Tomb:1)
  3 black bears
  A spiny frog skeleton (Crypt:3)
  A wasp (Depths:3)
  A fire dragon simulacrum (Depths:1)
  A spider (D:10)
  3 necrophages
  4 elf zombies
  29 ogres
  64 orc warriors
  8 hell hounds
  25 centaurs
  A boggart (shapeshifter) (Depths:5)
  8 eyes of draining
  A snapping turtle skeleton (Crypt:2)
  3 sky beasts
  A removed MONS_BORING_BEETLE (D:10)
  2 human skeletons (Vaults:2)
  3 lost souls
  10 boggarts
  16 crocodiles
  An elf simulacrum (Depths:1)
  An elephant skeleton (Crypt:1)
  A big kobold (D:8)
  21 small abominations
  A komodo dragon zombie (Crypt:1)
  A spectral wyvern (Crypt:1)
  A yaktaur zombie (Depths:1)
  13 giant frogs
  6 removed MONS_BRAIN_WORMs
  A salamander zombie (Crypt:2)
  2 earth elementals (WizLab)
  A spider zombie (Crypt:1)
  A scorpion (D:10)
  A spiny frog simulacrum (Pan)
  A wyvern skeleton (D:11)
  A warg zombie (Orc:4)
  25 killer bees
  A human simulacrum (Vaults:2)
  25 wights
  A wasp zombie (D:9)
  A giant frog zombie (D:9)
  A black bear zombie (Crypt:3)
  15 crimson imps
  6 iron imps
  A giant frog skeleton (D:10)
  7 hounds
  20 jellies
  3 centaur skeletons
  5 iguanas
  29 orc priests
  3 quasits
  A gnoll shaman (D:5)
  25 orc wizards
  4 hell rats
  10 worker ants
  A mottled dragon zombie (Crypt:1)
  A removed MONS_BRAIN_WORM zombie (Crypt:1)
  26 sheep
  A hound skeleton (Crypt:2)
  50 mummies
  2 worker ant zombies
  21 adders
  5 gnolls
  55 river rats
  A steam dragon skeleton (Crypt:3)
  7 shadow imps
  A removed MONS_GIANT_MITE (D:5)
  16 white imps
  A giant eyeball (Pan)
  21 ufetubi
  2 worms
  An adder zombie (Crypt:2)
  42 orc zombies
  A giant gecko (D:9)
  172 orcs
  A ball python (D:5)
  A bat (D:7)
  2 bat skeletons
  4 giant cockroaches
  A gnoll zombie (D:7)
  4 hobgoblins
  2 jackals (D:3)
  16 quokkas
  9 goblins
  2 goblin zombies (D:7)
  A hobgoblin zombie (Crypt:1)
  9 kobolds
  A lurking horror (Abyss:1)
  A rat (D:6)
  7 spectral orcs (Lair:4)
  2 briar patches
  A bush (WizLab)
  2 crawling corpses (Vaults:1)
  11 fungi
  19 plants
  A removed MONS_GRAND_AVATAR (Pan)
  6 starspawn tentacles
  5 toadstools (WizLab)
3546 creatures vanquished.

Vanquished Creatures (others)
  14 golden dragons
  38 tentacled monstrosities
  20 quicksilver dragons
  2 eldritch tentacles (Pan)
  An Executioner (Pan)
  9 shadow dragons
  6 sphinxes
  A tengu reaver (Vaults:5)
  A fire giant (Vaults:5)
  18 storm dragons
  A ghost moth (Zot:1)
  A vault warden (Vaults:5)
  A frost giant (Depths:3)
  2 balrugs (Pan)
  11 iron dragons
  2 draconian zealots
  2 deep elf sorcerers
  2 ironheart preservers (Vaults:5)
  A stone giant (Vaults:3)
  A very ugly thing (Vaults:5)
  A green draconian (Zot:1)
  A deep elf annihilator (Depths:2)
  A chaos champion (Pan)
  A purple draconian (Zot:2)
  A removed MONS_UNBORN (Crypt:3)
  An eidolon (Crypt:3)
  An ettin (Depths:1)
  21 fire dragons
  A jiangshi (Crypt:3)
  2 yaktaur captains
  4 centaur warriors
  A naga warrior (Snake:2)
  A great orb of eyes (Vaults:3)
  2 ogre magi (Vaults:5)
  28 ice dragons
  A spriggan air mage (Depths:5)
  An anaconda (Snake:5)
  An alligator (Swamp:5)
  A dancing weapon (Vaults:5)
  2 sun demons (Pan)
  2 death yaks (Depths:1)
  A deep troll earth mage (Depths:1)
  A naga sharpshooter (Snake:5)
  33 lindwurms
  An ice devil (Pan)
  2 spriggan berserkers
  3 shock serpents
  93 harpies
  2 soul eaters (Pan)
  2 deep elf knights
  A shadow wraith (Crypt:3)
  8 ball lightnings
  A naga ritualist (Snake:2)
  A hill giant (Vaults:1)
  2 deep trolls (Vaults:5)
  An infernal demonspawn (Pan)
  20 death scarabs
  3 flayed ghosts
  A wizard (Pan)
  2 orc knights
  7 ironbrand convokers
  6 ugly things
  A phantasmal warrior (Vaults:5)
  2 hornets
  46 manticores
  A shining eye (Abyss:3)
  A salamander (shapeshifter) (Depths:2)
  A removed MONS_DEEP_ELF_CONJURER (Vaults:5)
  10 mana vipers
  2 necromancers
  6 black mambas
  4 sixfirhies (Pan)
  4 vault sentinels
  4 naga magi
  A torpor snail (Depths:3)
  2 spiny frogs
  7 smoke demons (Pan)
  10 moths of wrath
  A storm dragon simulacrum (Tomb:2)
  3 orange demons (Pan)
  An efreet (Pan)
  A hellion (Pan)
  A grey draconian skeleton (Zot:1)
  4 hellwings (Pan)
  A tengu conjurer (Depths:1)
  7 water elementals
  8 yaktaurs
  2 guardian mummies (Tomb:1)
  A red devil (Pan)
  A freezing wraith (Crypt:2)
  2 giant leeches (Swamp:5)
  A polar bear (shapeshifter) (Vaults:2)
  3 fire vortices (Pan)
  A silent spectre (Crypt:3)
  A removed MONS_BABY_ALLIGATOR (Swamp:5)
  A minotaur skeleton (Pan)
  2 removed MONS_RAVENs
  3 two-headed ogres
  A slime creature (Vaults:1)
  A bog body (Swamp:5)
  A raiju (Abyss:2)
  3 dryads
  6 ynoxinuls
  815 large abominations
  2 shadows (Crypt:3)
  10 flying skulls
  2 air elementals
  A trapdoor spider (Zig:3)
  3 spriggans
  A wraith (Crypt:3)
  3 neqoxecs
  9 wargs
  3 removed MONS_DEEP_ELF_FIGHTERs
  20 wolves
  3 small abominations (Abyss:5)
  3 chaos spawn
  8 nagas
  4 vampire mosquitoes
  A soldier ant (shapeshifter) (Vaults:4)
  3 water moccasins
  2 orc warriors (Orc:4)
  A swamp drake (Swamp:4)
  3 wasps
  12 ogres
  5 lost souls
  A necrophage (Zig:5)
  90 ice beasts
  4 wights (Crypt:1)
  A troll skeleton (Tomb:3)
  An iron imp (D:5)
  12 crimson imps
  8 hounds (Bailey)
  A human zombie (Tomb:3)
  2 orc priests
  An orc wizard (Vaults:5)
  A hell rat (Vaults:5)
  4 mummies
  25 lightning spires
  8 shadow imps
  10 white imps
  18 ufetubi (Pan)
  15 orcs
  A goblin (Orc:4)
  3 lurking horrors
  10 quokkas
  4 rats
  A wandering mushroom (WizLab)
  4 blocks of ice (Pan)
  152 eldritch tentacle segments (Pan)
  11 fungi
  2 plants
  6 snaplasher vines
  796 snaplasher vine segments
  7 starspawn tentacles
  166 starspawn tentacle segments
  4 toadstools (WizLab)
2842 creatures vanquished.

Grand Total: 6468 creatures vanquished

Notes
Turn   | Place    | Note
--------------------------------------------------------------
     0 | D:1      | timbw, the Felid Summoner, began the quest for the Orb.
     0 | D:1      | Reached XP level 1. HP: 7/7 MP: 4/4
   146 | D:3      | Noticed Natasha
   358 | D:3      | Reached XP level 2. HP: 11/11 MP: 0/5
   366 | D:3      | Learned a level 2 spell: Call Imp
   465 | D:4      | Noticed an ogre
   609 | D:4      | Killed an ogre
   609 | D:4      | Reached skill level 5 in Summonings
   609 | D:4      | Reached XP level 3. HP: 14/14 MP: 7/8
   609 | D:4      | Reached XP level 4. HP: 18/18 MP: 7/10
   614 | D:4      | Learned a level 3 spell: Call Canine Familiar
   627 | D:4      | Identified the Papyrus of the Mountains and the Glacier
   749 | D:4      | Found a staircase to the Ecumenical Temple.
   777 | Temple   | Entered the Ecumenical Temple
   801 | Temple   | Became a worshipper of Sif Muna the Loreminder
   866 | D:5      | Entered Level 5 of the Dungeon
   875 | D:5      | Noticed a sky beast
   889 | D:5      | Killed a sky beast
   889 | D:5      | Reached skill level 6 in Summonings
   931 | D:5      | Found a blossoming altar of Fedhas.
  1013 | D:5      | Reached XP level 5. HP: 15/21 MP: 1/12
  1422 | D:5      | Noticed an ogre
  1455 | D:5      | Noticed a centaur
  1490 | D:5      | Killed a centaur
  1514 | D:5      | Noticed a sky beast
  1543 | D:6      | Reached skill level 7 in Summonings
  1553 | D:6      | Noticed an ogre
  1562 | D:6      | Killed an ogre
  1562 | D:6      | Gained mutation: You are covered in thick fur (AC +2). [growing up]
  1562 | D:6      | Reached XP level 6. HP: 24/24 MP: 15/15
  1577 | D:6      | Learned a level 4 spell: Summon Lightning Spire
  1597 | D:6      | Noticed an ice beast
  1606 | D:6      | Reached piety under Sif Muna
  1657 | D:6      | Killed an ice beast
  1812 | D:6      | Noticed a sky beast
  1818 | D:6      | Killed a sky beast
  1899 | D:7      | Reached skill level 8 in Summonings
  1928 | D:7      | Found a flagged portal.
  1953 | Bailey   | Entered a bailey
  1973 | Bailey   | Reached XP level 7. HP: 24/27 MP: 18/18
  2612 | Bailey   | Reached * piety under Sif Muna
  2833 | Bailey   | Reached skill level 9 in Summonings
  2950 | Bailey   | Noticed an orc knight
  2956 | Bailey   | Reached XP level 8. HP: 31/31 MP: 10/21
  3022 | Bailey   | Killed an orc knight
  3030 | Bailey   | Shot with a bolt by an orc warrior
  3031 | Bailey   | Reached XP level 7. HP: -1/27 MP: 0/30
  3084 | Bailey   | Learned a level 4 spell: Summon Ice Beast
  3110 | Bailey   | Reached skill level 10 in Summonings
  3130 | Bailey   | Identified a scroll of acquirement
  3340 | D:7      | Found a shimmering altar of Xom.
  3396 | D:8      | Reached XP level 8. HP: 22/31 MP: 13/22
  3415 | D:8      | Identified the Handbook of Dusty Snow
  3435 | D:8      | You fall through a shaft!
  3544 | D:9      | Noticed 4thArraOfDagon's ghost (experienced TrIE)
  3617 | D:9      | Killed 4thArraOfDagon's ghost
  3662 | D:9      | Reached skill level 5 in Stealth
  3668 | D:9      | Found a staircase to the Orcish Mines.
  3686 | D:9      | Noticed a troll
  3697 | D:9      | Killed a troll
  3697 | D:9      | Reached skill level 5 in Dodging
  3727 | D:9      | Reached skill level 11 in Summonings
  3837 | D:9      | Noticed Eustachio
  3837 | D:9      | Noticed a troll
  3892 | D:9      | Killed a troll
  3892 | D:9      | Reached XP level 9. HP: 4/34 MP: 1/23
  4226 | D:9      | Killed Eustachio
  4273 | D:9      | Reached *** piety under Sif Muna
  4406 | D:10     | Entered Level 10 of the Dungeon
  4635 | D:10     | Identified the Grimoire of Creation (You acquired it on level 10 of the Dungeon)
  4645 | D:10     | Reached skill level 12 in Summonings
  4650 | D:10     | Noticed a centaur zombie
  4664 | D:10     | Killed a centaur zombie
  4812 | D:10     | Reached skill level 1 in Fighting
  4987 | D:10     | Found a staircase to the Lair.
  5002 | Lair:1   | Entered Level 1 of the Lair of Beasts
  5027 | Lair:1   | Noticed a komodo dragon
  5039 | Lair:1   | Killed a komodo dragon
  5285 | Lair:2   | Reached skill level 5 in Spellcasting
  5320 | Lair:2   | Reached XP level 10. HP: 42/42 MP: 13/25
  5481 | Lair:2   | Found a radiant altar of Vehumet.
  5576 | Lair:2   | Learned a level 5 spell: Summon Mana Viper
  5601 | Lair:2   | Noticed a spiny frog
  5610 | Lair:2   | Killed a spiny frog
  5851 | Lair:3   | Noticed an eight-headed hydra
  5860 | Lair:3   | Killed an eight-headed hydra
  6178 | Lair:3   | Reached skill level 5 in Fighting
  6284 | Lair:4   | Noticed an elephant
  6309 | Lair:4   | Killed an elephant
  6309 | Lair:4   | Reached skill level 13 in Summonings
  6315 | Lair:4   | Noticed an elephant
  6325 | Lair:4   | Killed an elephant
  6422 | Lair:4   | Noticed an elephant
  6430 | Lair:4   | Killed an elephant
  6431 | Lair:4   | Noticed an elephant
  6437 | Lair:4   | Noticed an elephant
  6439 | Lair:4   | Noticed a seven-headed hydra
  6440 | Lair:4   | Killed an elephant
  6441 | Lair:4   | Noticed an elephant
  6441 | Lair:4   | Noticed an elephant
  6444 | Lair:4   | Noticed an elephant
  6447 | Lair:4   | Noticed an elephant
  6449 | Lair:4   | Noticed Nergalle
  6451 | Lair:4   | Killed an elephant
  6453 | Lair:4   | Killed a seven-headed hydra
  6456 | Lair:4   | Noticed an elephant
  6480 | Lair:4   | Noticed an elephant
  6486 | Lair:4   | Noticed an elephant
  6655 | Lair:5   | Reached XP level 11. HP: 43/49 MP: 17/27
  6965 | Lair:5   | Noticed an eight-headed hydra
  6975 | Lair:5   | Killed an eight-headed hydra
  7059 | Lair:5   | Noticed an oklob plant
  7098 | Lair:5   | Found a staircase to the Swamp.
  7103 | Lair:6   | Found a staircase to the Snake Pit.
  7103 | Lair:6   | Noticed a four-headed hydra
  7227 | Lair:6   | Received a gift from Sif Muna
  7228 | Lair:6   | Identified Sif Muna's Almanac of Twisted Companions (Sif Muna gifted it to you on level 6 of the Lair of Beasts)
  7237 | Lair:6   | Learned a level 5 spell: Summon Forest
  7490 | Lair:6   | Killed a four-headed hydra
  7629 | Lair:7   | Reached skill level 14 in Summonings
  7634 | Lair:7   | Reached skill level 10 in Dodging
  7728 | Lair:7   | Noticed a catoblepas
  8090 | Lair:7   | Killed a catoblepas
  8242 | Lair:7   | Noticed an eight-headed hydra
  8259 | Lair:7   | Killed an eight-headed hydra
  8410 | Lair:8   | Entered Level 8 of the Lair of Beasts
  8658 | Lair:8   | Gained mutation: Your thick and shaggy fur keeps you warm (AC +3, rC+). [growing up]
  8658 | Lair:8   | Reached XP level 12. HP: 57/57 MP: 16/30
  8815 | Lair:8   | Noticed a death yak
  8831 | Lair:8   | Killed a death yak
  8840 | Lair:8   | Noticed a death yak
  8848 | Lair:8   | Killed a death yak
  8851 | Lair:8   | Noticed a death yak
  8858 | Lair:8   | Noticed a death yak
  8865 | Lair:8   | Killed a death yak
  8870 | Lair:8   | Noticed Rupert
  8870 | Lair:8   | Killed a death yak
  8876 | Lair:8   | Killed Rupert
  9027 | Lair:8   | Noticed a death yak
  9028 | Lair:8   | Noticed a death yak
  9029 | Lair:8   | Noticed a death yak
  9030 | Lair:8   | Noticed a death yak
  9041 | Lair:8   | Killed a death yak
  9041 | Lair:8   | Reached skill level 10 in Fighting
  9043 | Lair:8   | Noticed a death yak
  9050 | Lair:8   | Killed a death yak
  9050 | Lair:8   | Received a gift from Sif Muna
  9051 | Lair:8   | Identified Sif Muna's Papyrus of Calling (Sif Muna gifted it to you on level 8 of the Lair of Beasts)
  9058 | Lair:8   | Noticed a death yak
  9062 | Lair:8   | Killed a death yak
  9062 | Lair:8   | Reached skill level 15 in Summonings
  9066 | Lair:8   | Noticed a catoblepas
  9079 | Lair:8   | Killed a catoblepas
  9096 | Lair:8   | Killed a death yak
  9101 | Lair:8   | Killed a death yak
  9115 | Lair:8   | Killed a death yak
  9120 | Lair:8   | Noticed a lindwurm
  9120 | Lair:8   | Noticed a deep troll shaman
  9137 | Lair:8   | Killed a deep troll shaman
  9137 | Lair:8   | Reached skill level 1 in Evocations
  9142 | Lair:8   | Killed a lindwurm
  9142 | Lair:8   | Reached skill level 1 in Invocations
  9251 | Lair:8   | Learned a level 3 spell: Recall
  9255 | Lair:8   | Learned a level 3 spell: Abjuration
  9363 | Lair:8   | Found a staircase to the Slime Pits.
  9363 | Lair:8   | Found a viscous altar of Jiyva.
  9377 | Lair:8   | Noticed a death yak
  9378 | Lair:8   | Noticed a death yak
  9378 | Lair:8   | Noticed a death yak
  9379 | Lair:8   | Noticed a death yak
  9379 | Lair:8   | Noticed a death yak
  9389 | Lair:8   | Killed a death yak
  9390 | Lair:8   | Killed a death yak
  9393 | Lair:8   | Killed a death yak
  9400 | Lair:8   | Killed a death yak
  9410 | Lair:8   | Killed a death yak
  9835 | Lair:3   | Learned a level 6 spell: Monstrous Menagerie
  9907 | Swamp:1  | Entered Level 1 of the Swamp
 10058 | Swamp:1  | Learned a level 5 spell: Shadow Creatures
 10152 | Swamp:2  | Noticed a ghost crab
 10210 | Swamp:2  | Reached XP level 13. HP: 57/63 MP: 9/32
 10696 | Swamp:4  | Noticed a thorn hunter
 10711 | Swamp:4  | Killed a thorn hunter
 10802 | Swamp:5  | Entered Level 5 of the Swamp
 11048 | Swamp:5  | Noticed a thorn hunter
 11055 | Swamp:5  | Reached skill level 5 in Evocations
 11058 | Swamp:5  | Killed a thorn hunter
 11109 | Swamp:5  | Noticed a green very ugly thing
 11117 | Swamp:5  | Killed a green very ugly thing
 11284 | Swamp:5  | Noticed a brown very ugly thing
 11291 | Swamp:5  | Noticed a tentacled monstrosity
 11297 | Swamp:5  | Killed a brown very ugly thing
 11299 | Swamp:5  | Reached skill level 16 in Summonings
 11322 | Swamp:5  | Killed a tentacled monstrosity
 11381 | Swamp:5  | Reached skill level 5 in Invocations
 11391 | Swamp:5  | Got a decaying rune of Zot
 11712 | Lair:4   | Noticed an elephant
 11715 | Lair:4   | Killed an elephant
 11721 | Lair:4   | Killed an elephant
 11736 | Lair:4   | Noticed an elephant
 11741 | Lair:4   | Killed an elephant
 11742 | Lair:4   | Noticed an elephant
 11745 | Lair:4   | Noticed an elephant
 11747 | Lair:4   | Killed an elephant
 11750 | Lair:4   | Killed an elephant
 11757 | Lair:4   | Noticed an elephant
 11764 | Lair:4   | Killed an elephant
 11826 | Lair:4   | Noticed an elephant
 11833 | Lair:4   | Killed an elephant
 11837 | Lair:4   | Killed an elephant
 11931 | Lair:4   | Killed an elephant
 11950 | Lair:4   | Killed an elephant
 11953 | Lair:4   | Received a gift from Sif Muna
 11955 | Lair:4   | Identified Sif Muna's Papyrus of the Escort (Sif Muna gifted it to you on level 4 of the Lair of Beasts)
 12062 | Lair:4   | Killed Nergalle
 12071 | Lair:4   | Killed an elephant
 12122 | Snake:1  | Entered Level 1 of the Snake Pit
 12122 | Snake:1  | Noticed Azrael
 12241 | Snake:1  | Killed Azrael
 12482 | Snake:1  | Learned a level 3 spell: Regeneration
 12525 | Snake:2  | Reached skill level 10 in Spellcasting
 12525 | Snake:2  | Reached XP level 14. HP: 62/69 MP: 34/34
 12557 | Snake:2  | Noticed a greater naga
 12568 | Snake:2  | Killed a greater naga
 13458 | Snake:4  | Found a sacrificial altar of Ru.
 13579 | Snake:5  | Entered Level 5 of the Snake Pit
 13624 | Snake:5  | Learned a level 2 spell: Repel Missiles
 13879 | Snake:5  | Noticed a greater naga
 13881 | Snake:5  | Killed a greater naga
 13903 | Snake:5  | Reached skill level 17 in Summonings
 13929 | Snake:5  | Noticed a greater naga
 13934 | Snake:5  | Killed a greater naga
 14133 | Snake:5  | Noticed a greater naga
 14149 | Snake:5  | Killed a greater naga
 14184 | Snake:5  | Noticed a greater naga
 14191 | Snake:5  | Killed a greater naga
 14205 | Snake:5  | Noticed a greater naga
 14210 | Snake:5  | Noticed a greater naga
 14215 | Snake:5  | Killed a greater naga
 14215 | Snake:5  | Received a gift from Sif Muna
 14219 | Snake:5  | Identified Sif Muna's Volume of Torrid Confrontation (Sif Muna gifted it to you on level 5 of the Snake Pit)
 14221 | Snake:5  | Killed a greater naga
 14229 | Snake:5  | Identified the Incunabulum of Enchanting Sinister Magic
 14310 | Snake:5  | Noticed a greater naga
 14321 | Snake:5  | Killed a greater naga
 14342 | Snake:5  | Noticed a greater naga
 14350 | Snake:5  | Killed a greater naga
 14401 | Snake:5  | Noticed a greater naga
 14429 | Snake:5  | Killed a greater naga
 14469 | Snake:5  | Reached XP level 15. HP: 73/73 MP: 24/35
 14518 | Snake:5  | Noticed a greater naga
 14532 | Snake:5  | Killed a greater naga
 14635 | Snake:5  | Got a serpentine rune of Zot
 14768 | Snake:4  | Learned a level 8 spell: Summon Horrible Things
 15124 | D:13     | Noticed Erolcha
 15132 | D:13     | Killed Erolcha
 15155 | D:13     | Noticed Fannar
 15163 | D:13     | Killed Fannar
 15407 | D:14     | Found a gate to the Vaults.
 15449 | Vaults:1 | Entered Level 1 of the Vaults
 15560 | Vaults:1 | Found Lohuutoext's Armour Boutique.
 15672 | Vaults:1 | Noticed a tengu reaver
 15679 | Vaults:1 | Killed a tengu reaver
 15679 | Vaults:1 | Reached skill level 18 in Summonings
 15686 | Vaults:1 | Noticed a lich
 15695 | Vaults:1 | Killed a lich
 16254 | Vaults:3 | Found Xeunt's Book Emporium.
 16515 | Vaults:3 | Received a gift from Sif Muna
 16519 | Vaults:3 | Identified Thozob's Almanac of the Warped Entourage (Sif Muna gifted it to you on level 3 of the Vaults)
 16640 | Vaults:2 | Found a staircase to the Crypt.
 16820 | Vaults:3 | Noticed a sphinx
 16878 | Vaults:3 | Killed a sphinx
 17438 | Vaults:4 | Reached XP level 16. HP: 49/78 MP: 11/37
 17644 | Vaults:5 | Entered Level 5 of the Vaults
 17920 | Vaults:5 | Found Isaont's Gadget Shoppe.
 17920 | Vaults:5 | Noticed a titan
 17920 | Vaults:5 | Noticed a tentacled monstrosity
 17926 | Vaults:5 | Killed a tentacled monstrosity
 17929 | Vaults:5 | Killed a titan
 17939 | Vaults:5 | Reached skill level 19 in Summonings
 17944 | Vaults:5 | Noticed a titan
 17952 | Vaults:5 | Killed a titan
 17963 | Vaults:5 | Found Gorero's Jewellery Shop.
 17993 | Vaults:5 | Bought a phial of floods for 640 gold pieces
 18000 | Vaults:5 | Bought the ring "Pubbafeg" {rElec rN+ Int+4 Dex+3 Slay-6 Stlth-} for 282 gold pieces
 18009 | Vaults:5 | Got a silver rune of Zot
 18020 | Vaults:5 | Noticed a quicksilver dragon
 18032 | Vaults:5 | Killed a quicksilver dragon
 18200 | Vaults:5 | Reached skill level 15 in Dodging
 18229 | Vaults:5 | Received a gift from Sif Muna
 18230 | Vaults:5 | Identified Sif Muna's Compendium of Hexes (Sif Muna gifted it to you on level 5 of the Vaults)
 18301 | Vaults:5 | Noticed a quicksilver dragon
 18311 | Vaults:5 | Killed a quicksilver dragon
 18425 | Vaults:5 | Noticed a golden dragon
 18432 | Vaults:5 | Killed a golden dragon
 18432 | Vaults:5 | Reached skill level 10 in Invocations
 18521 | Vaults:5 | Noticed a titan
 18590 | Vaults:5 | Killed a titan
 18660 | Vaults:5 | Reached XP level 17. HP: 81/81 MP: 16/38
 18739 | Vaults:5 | Noticed a titan
 18810 | Vaults:5 | Killed a titan
 18983 | Vaults:5 | Noticed a titan
 18996 | Vaults:5 | Killed a titan
 19045 | Vaults:5 | Noticed a golden dragon
 19058 | Vaults:5 | Killed a golden dragon
 19114 | Vaults:5 | Reached skill level 20 in Summonings
 19324 | Vaults:5 | Noticed a titan
 19332 | Vaults:5 | Killed a titan
 20392 | D:10     | Noticed a centaur zombie
 20418 | D:10     | Killed a centaur zombie
 20418 | D:10     | Received a gift from Sif Muna
 20464 | Orc:1    | Entered Level 1 of the Orcish Mines
 20531 | Orc:3    | Found Heilog's Assorted Antiques.
 20594 | Orc:3    | Bought a potion of curing for 93 gold pieces
 20594 | Orc:3    | Bought a scroll of identify for 62 gold pieces
 20594 | Orc:3    | Bought a potion of flight for 93 gold pieces
 20594 | Orc:3    | Bought a potion of curing for 93 gold pieces
 20594 | Orc:3    | Bought a scroll of blinking for 232 gold pieces
 20594 | Orc:3    | Bought a scroll of identify for 62 gold pieces
 20650 | Orc:4    | Entered Level 4 of the Orcish Mines
 21166 | Orc:4    | Found Klusao's Antique Armour Shoppe.
 21167 | Orc:4    | Found Reda's Antique Weapon Emporium.
 21170 | Orc:4    | Found Fatimorgh's General Store.
 21170 | Orc:4    | Found Prott's Book Shoppe.
 21174 | Orc:4    | Bought a potion of restore abilities for 85 gold pieces
 21174 | Orc:4    | Bought a scroll of identify for 34 gold pieces
 21174 | Orc:4    | Bought a royal jelly for 34 gold pieces
 21540 | Orc:3    | Found a roughly hewn altar of Beogh.
 21588 | Orc:3    | Found Guniach's Antique Weapon Shoppe.
 21592 | Orc:3    | Found Streafikh's Antique Armour Boutique.
 21636 | Orc:3    | Found a staircase to the Elven Halls.
 21647 | Elf:1    | Entered Level 1 of the Elven Halls
 21711 | Elf:1    | Found Prasiod's Antique Weapon Shop.
 21887 | Elf:1    | Noticed Nessos
 21892 | Elf:1    | Killed Nessos
 22059 | Elf:2    | Found Stroklyamm's General Store.
 22069 | Elf:2    | Bought an uncursed ring of teleport control for 800 gold pieces
 22069 | Elf:2    | Bought a potion of haste for 160 gold pieces
 22069 | Elf:2    | Bought a scroll of magic mapping for 56 gold pieces
 22069 | Elf:2    | Bought a scroll of magic mapping for 56 gold pieces
 22069 | Elf:2    | Bought a beef jerky for 24 gold pieces
 22134 | Elf:2    | Found a magical portal.
 22141 | WizLab   | Entered Eringya's Formal Garden
 22334 | WizLab   | Found a blossoming altar of Fedhas.
 22377 | WizLab   | Identified Advanced Steps in Spellcraft (You found it in a wizard's laboratory)
 22380 | WizLab   | Identified the Volume of the Wasteland
 22395 | WizLab   | Identified An Introduction to Sorcery
 22398 | WizLab   | Identified the Tome of Moulding
 22603 | Elf:2    | Found a frozen archway.
 22621 | IceCv    | Entered an ice cave
 22828 | IceCv    | Noticed an Ice Fiend
 22848 | IceCv    | Killed an Ice Fiend
 22873 | IceCv    | Gained mutation: Your mind is acute. (Int +2) [potion of beneficial mutation]
 22964 | Elf:3    | Entered Level 3 of the Elven Halls
 23110 | Elf:3    | Reached XP level 18. HP: 85/85 MP: 20/39
 23121 | Elf:3    | Learned a level 9 spell: Dragon's Call
 23213 | Elf:3    | Noticed a Brimstone Fiend
 23260 | Elf:3    | Noticed a Brimstone Fiend
 23281 | Elf:3    | Got a coiled pewter ring
 23292 | Elf:3    | Identified the ring "Dienog" {MR+ Str+5} (You took it off a deep elf annihilator on level 3 of the Elven Halls)
 23679 | Elf:3    | Reached skill level 10 in Evocations
 23679 | Elf:3    | Reached XP level 19. HP: 89/89 MP: 40/40
 24179 | Slime:1  | Entered Level 1 of the Pits of Slime
 24447 | Slime:5  | Received a gift from Sif Muna
 24449 | Slime:5  | Identified Xioczur's Compendium of the Birds and Conjuration (Sif Muna gifted it to you on level 5 of the Pits of Slime)
 24500 | Slime:6  | Entered Level 6 of the Pits of Slime
 24535 | Slime:6  | Reached skill level 21 in Summonings
 24535 | Slime:6  | Reached skill level 1 in Necromancy
 24565 | Slime:6  | Found a viscous altar of Jiyva.
 24576 | Slime:6  | Noticed the royal jelly
 24661 | Slime:6  | Splashed by an acid blob's acid
 24662 | Slime:6  | Reached XP level 18. HP: -1/85 MP: 0/39
 24911 | Slime:6  | Noticed a shard shrike shaped Royal Jelly
 24911 | Slime:6  | the royal jelly changed into a shard shrike shaped Royal Jelly
 24950 | Slime:6  | Killed a shard shrike shaped Royal Jelly
 25028 | Slime:6  | Got a glittering ivory ring
 25029 | Slime:6  | Identified the cursed ring "Blyxuott" {rF+ MP-9 Int-2 SInv} (You found it on level 6 of the Pits of Slime)
 25057 | Slime:6  | Identified the Incunabulum of Flight and Attacks (You found it on level 6 of the Pits of Slime)
 25097 | Slime:6  | Got a slimy rune of Zot
 25545 | D:15     | Entered Level 15 of the Dungeon
 25949 | D:15     | Found a shattered altar of Ashenzari.
 26239 | D:15     | Found a staircase to the Depths.
 26246 | Depths:1 | Entered Level 1 of the Depths
 26252 | Depths:1 | Found a corrupted altar of Lugonu.
 26298 | Depths:1 | Found a one-way gate leading to the halls of Pandemonium.
 26313 | Depths:1 | Noticed Agnes
 26320 | Depths:1 | Killed Agnes
 26638 | Depths:1 | Reached skill level 5 in Necromancy
 27004 | Depths:1 | Received a gift from Sif Muna
 27006 | Depths:1 | Identified Sif Muna's Almanac of Attacks (Sif Muna gifted it to you on level 1 of the Depths)
 27366 | Depths:1 | Found a gateway to a ziggurat.
 27384 | Depths:1 | Reached XP level 19. HP: 89/89 MP: 40/40
 27458 | Depths:1 | Found a gateway to Hell.
 27568 | Depths:3 | Noticed Frederick
 27575 | Depths:3 | Killed Frederick
 28416 | Depths:2 | Found a runed door.
 28709 | Depths:2 | Got a slimy lead ring
 28710 | Depths:2 | Identified the ring of Groxeh {Fire Str+4 Dex+4} (You took it off a fire giant on level 2 of the Depths)
 28764 | Depths:2 | Noticed a golden dragon
 28785 | Depths:2 | Received a gift from Sif Muna
 29043 | Depths:2 | Killed a golden dragon
 29043 | Depths:2 | Reached skill level 10 in Necromancy
 29058 | Depths:2 | Learned a level 8 spell: Necromutation
 29084 | Depths:2 | Reached skill level 1 in Transmutations
 29226 | Depths:3 | Killed from afar by a spriggan air mage
 29227 | Depths:3 | Reached XP level 18. HP: -3/85 MP: 0/40
 29240 | Depths:3 | Noticed a caustic shrike
 29340 | Zig:1    | Entered Level 1 of a ziggurat
 29376 | Zig:2    | Entered Level 2 of a ziggurat
 29418 | Zig:3    | Entered Level 3 of a ziggurat
 29462 | Zig:4    | Entered Level 4 of a ziggurat
 29472 | Zig:4    | Gained mutation: Your body sometimes deteriorates upon taking damage. [a shining eye]
 29600 | Zig:5    | Entered Level 5 of a ziggurat
 29642 | Zig:5    | Identified Lee's Guide on Earth and Confrontation (You found it on level 5 of a ziggurat)
 29666 | Zig:6    | Entered Level 6 of a ziggurat
 29742 | Zig:7    | Entered Level 7 of a ziggurat
 29767 | Zig:7    | Reached skill level 5 in Transmutations
 29773 | Zig:7    | Received a gift from Sif Muna
 29783 | Zig:7    | Identified Sif Muna's Collected Works on Black Rites (Sif Muna gifted it to you on level 7 of a ziggurat)
 29838 | Zig:8    | Entered Level 8 of a ziggurat
 29847 | Zig:8    | Noticed a golden dragon
 29850 | Zig:8    | Noticed a golden dragon
 29857 | Zig:8    | Killed a golden dragon
 29862 | Zig:8    | Killed a golden dragon
 29883 | Zig:8    | Reached XP level 19. HP: 60/89 MP: 12/41
 29968 | Zig:9    | Entered Level 9 of a ziggurat
 29972 | Zig:9    | Noticed a bone dragon
 29987 | Zig:9    | Killed a bone dragon
 29997 | Zig:9    | Received a gift from Sif Muna
 30002 | Zig:9    | Identified Cigotuvi's Papyrus of Necromancy (Sif Muna gifted it to you on level 9 of a ziggurat)
 30006 | Zig:9    | Noticed a bone dragon
 30013 | Zig:9    | Killed a bone dragon
 30160 | Zig:10   | Entered Level 10 of a ziggurat
 30165 | Zig:10   | Noticed a pearl dragon
 30170 | Zig:10   | Noticed a pearl dragon
 30171 | Zig:10   | Noticed a pearl dragon
 30324 | Depths:3 | Identified Pnahuw's Volume of Curses
 30326 | Depths:3 | Noticed a caustic shrike
 30327 | Depths:3 | Noticed a caustic shrike
 30328 | Depths:3 | Noticed a caustic shrike
 30329 | Depths:3 | Noticed a caustic shrike
 30331 | Depths:3 | Noticed a caustic shrike
 30341 | Depths:3 | Killed a caustic shrike
 30546 | Depths:3 | Killed a caustic shrike
 30554 | Depths:3 | Killed a caustic shrike
 30554 | Depths:3 | Reached XP level 20. HP: 93/93 MP: 17/41
 30555 | Depths:3 | Killed a caustic shrike
 30563 | Depths:3 | Killed a caustic shrike
 30566 | Depths:3 | Killed a caustic shrike
 31520 | Depths:4 | Received a gift from Sif Muna
 31523 | Depths:4 | Identified Sif Muna's Collected Works on Burning Translocation (Sif Muna gifted it to you on level 4 of the Depths)
 31629 | Depths:4 | Reached skill level 15 in Necromancy
 31659 | Depths:4 | Learned a level 6 spell: Haste
 31854 | Depths:4 | Reached skill level 1 in Charms
 32026 | Depths:4 | Found a portal to a secret trove of treasure.
 32044 | Depths:4 | Found a gateway to a ziggurat.
 32113 | Zig:1    | Entered Level 1 of a ziggurat
 32141 | Zig:2    | Entered Level 2 of a ziggurat
 32190 | Zig:3    | Entered Level 3 of a ziggurat
 32252 | Zig:4    | Entered Level 4 of a ziggurat
 32267 | Zig:4    | Reached skill level 10 in Transmutations
 32306 | Zig:4    | Got a sparkling glass ring
 32307 | Zig:4    | Identified the ring of Insomnia {-Cast rPois SInv Stlth+} (You found it on level 4 of a ziggurat)
 32328 | Zig:5    | Entered Level 5 of a ziggurat
 32392 | Zig:6    | Entered Level 6 of a ziggurat
 32436 | Zig:6    | Learned a level 1 spell: Apportation
 32456 | Zig:7    | Entered Level 7 of a ziggurat
 32508 | Zig:7    | Got a translucent tin ring
 32510 | Zig:7    | Identified the ring of Spite {rN+ MR+ Dex-5 Stlth+} (You found it on level 7 of a ziggurat)
 32596 | Zig:7    | Lost mutation: Your mind is acute. (Int +2) [potion of cure mutation]
 32596 | Zig:7    | Lost mutation: Your body sometimes deteriorates upon taking damage. [potion of cure mutation]
 32660 | Zig:8    | Entered Level 8 of a ziggurat
 32701 | Zig:8    | Received a gift from Sif Muna
 32701 | Zig:8    | Reached skill level 5 in Charms
 32701 | Zig:8    | Reached XP level 21. HP: 89/97 MP: 28/42
 32706 | Zig:8    | Got a flickering silver ring
 32708 | Zig:8    | Identified the ring "Oxoj" {Contam rPois Str-2 Int+5 Dex+3 SInv} (You found it on level 8 of a ziggurat)
 32710 | Zig:8    | Got a glittering wooden ring
 32711 | Zig:8    | Identified the ring of the Peasants {+/*Tele rF+ rN+} (You found it on level 8 of a ziggurat)
 32719 | Zig:8    | Reached XP level 22. HP: 97/101 MP: 33/42
 32748 | Zig:9    | Entered Level 9 of a ziggurat
 32788 | Zig:9    | Got a sparkling lead ring
 32790 | Zig:10   | Entered Level 10 of a ziggurat
 32791 | Zig:10   | Identified the ring "Rynoawnu" {+Inv Str+3 Stlth+} (You found it on level 9 of a ziggurat)
 32997 | Zig:11   | Entered Level 11 of a ziggurat
 33014 | Zig:11   | Noticed Woen the pandemonium lord
 33080 | Depths:4 | Found Ghoxa's Weapon Shop.
 33143 | Depths:5 | Entered Level 5 of the Depths
 33183 | Depths:5 | Learned a level 2 spell: Blink
 33255 | Depths:5 | Noticed Saint Roka
 33269 | Depths:5 | Killed Saint Roka
 33874 | Depths:5 | Received a gift from Sif Muna
 34027 | Depths:5 | Found a gate to the Realm of Zot.
 34064 | Zot:1    | Entered Level 1 of the Realm of Zot
 34080 | Zot:1    | Noticed Tiamat
 34514 | Zot:1    | Killed Tiamat
 34685 | Zot:2    | Noticed an orb of fire
 34839 | Zot:1    | Gained mutation: You are weak. (Str -2) [mutagenic glow]
 34882 | Zot:1    | Reached XP level 23. HP: 41/105 MP: 22/43
 34920 | Depths:5 | Gained mutation: Your magical capacity is low (-10% MP). [mutagenic glow]
 34922 | Depths:5 | Lost mutation: Your magical capacity is low (-10% MP). [potion of cure mutation]
 34922 | Depths:5 | Lost mutation: You are weak. (Str -2) [potion of cure mutation]
 35320 | Vaults:1 | Received a gift from Sif Muna
 35321 | Vaults:1 | Identified Lehudib's Incunabulum of the Mantidfly (Sif Muna gifted it to you on level 1 of the Vaults)
 35382 | Vaults:1 | Identified the Disquisition on Moulding (You found it on level 1 of the Vaults)
 35740 | Crypt:1  | Entered Level 1 of the Crypt
 35803 | Crypt:1  | Noticed Sojobo
 35848 | Crypt:1  | Killed Sojobo
 36046 | Crypt:3  | Entered Level 3 of the Crypt
 36367 | Crypt:3  | Found a staircase to the Tomb.
 36401 | Tomb:1   | Entered Level 1 of the Tomb of the Ancients
 36458 | Tomb:1   | Noticed Jorgrun
 36590 | Tomb:1   | Reached skill level 15 in Spellcasting
 36596 | Tomb:1   | Killed Jorgrun
 36944 | Tomb:1   | Noticed a greater mummy
 36944 | Tomb:1   | Noticed a greater mummy
 36952 | Tomb:1   | Noticed a greater mummy
 36967 | Tomb:1   | Killed a greater mummy
 36967 | Tomb:1   | Received a gift from Sif Muna
 37011 | Tomb:1   | Noticed a greater mummy
 37026 | Tomb:1   | Killed a greater mummy
 37053 | Tomb:1   | Noticed a greater mummy
 37172 | Tomb:1   | Noticed a greater mummy
 37172 | Tomb:1   | Noticed a greater mummy
 37172 | Tomb:1   | Noticed a greater mummy
 37172 | Tomb:1   | Noticed a greater mummy
 37172 | Tomb:1   | Noticed a greater mummy
 37173 | Tomb:1   | Noticed a greater mummy
 37251 | Tomb:1   | Noticed a greater mummy
 37263 | Tomb:1   | Killed a greater mummy
 37328 | Tomb:2   | Noticed an ancient lich
 37364 | Tomb:1   | Killed a greater mummy
 37366 | Tomb:1   | Noticed a greater mummy
 37372 | Tomb:1   | Killed a greater mummy
 37405 | Tomb:1   | Identified Sif Muna's Tome of Feathery Enhancements (Sif Muna gifted it to you on level 1 of the Tomb of the Ancients)
 37439 | Tomb:1   | Killed a greater mummy
 37448 | Tomb:1   | Killed a greater mummy
 37456 | Tomb:1   | Noticed a greater mummy
 37465 | Tomb:1   | Killed a greater mummy
 37486 | Tomb:1   | Killed a greater mummy
 37497 | Tomb:1   | Killed a greater mummy
 37646 | Tomb:1   | Killed a greater mummy
 37708 | Tomb:1   | Killed a greater mummy
 37744 | Tomb:1   | Killed a greater mummy
 37896 | Tomb:3   | Entered Level 3 of the Tomb of the Ancients
 38090 | Tomb:2   | HP: 4/105 [death scarab (12)]
 38090 | Tomb:2   | Slain by a death scarab
 38091 | Tomb:2   | Reached XP level 22. HP: -5/101 MP: 0/43
 38091 | Tomb:2   | Received a gift from Sif Muna
 38091 | Tomb:2   | Reached XP level 23. HP: 105/105 MP: 44/44
 38092 | Tomb:2   | Identified Sif Muna's Volume of Toxic Curses (Sif Muna gifted it to you on level 2 of the Tomb of the Ancients)
 38651 | Tomb:3   | Noticed a greater mummy
 38748 | Tomb:2   | Killed a greater mummy
 38759 | Tomb:3   | Noticed a greater mummy
 38763 | Tomb:3   | Noticed a greater mummy
 38771 | Tomb:3   | Noticed a greater mummy
 38920 | Tomb:3   | Noticed a greater mummy
 39019 | Tomb:3   | Noticed a greater mummy
 39161 | Tomb:2   | Killed a greater mummy
 39327 | Tomb:2   | Killed a greater mummy
 39327 | Tomb:2   | Lost strength.
 39329 | Tomb:2   | Killed a greater mummy
 39387 | Tomb:2   | Killed a greater mummy
 39394 | Tomb:3   | Noticed a greater mummy
 39399 | Tomb:3   | Killed a greater mummy
 39399 | Tomb:3   | Reached XP level 24. HP: 68/104 MP: 14/44
 39411 | Tomb:3   | Noticed a greater mummy
 39411 | Tomb:3   | Killed a greater mummy
 39415 | Tomb:3   | Killed a greater mummy
 39415 | Tomb:3   | Received a gift from Sif Muna
 39416 | Tomb:3   | Identified Sif Muna's Grimoire of Fetching Displacement (Sif Muna gifted it to you on level 3 of the Tomb of the Ancients)
 39532 | Tomb:3   | Noticed an ancient lich
 39539 | Tomb:3   | Killed an ancient lich
 39647 | Tomb:3   | Got a golden rune of Zot
 40257 | Crypt:3  | Noticed an ancient lich
 40271 | Crypt:3  | Killed an ancient lich
 40698 | Crypt:2  | Noticed nht's ghost (mighty MiBe)
 40761 | Crypt:2  | Killed nht's ghost
 41645 | Depths:5 | Received a gift from Sif Muna
 42381 | Zot:2    | Learned a level 8 spell: Death's Door
 42577 | Zot:2    | Killed an orb of fire
 43573 | Pan      | Entered Pandemonium
 43764 | Pan      | Received a gift from Sif Muna
 43911 | Pan      | Noticed Twecogof the pandemonium lord
 43951 | Pan      | Killed Twecogof the pandemonium lord
 43995 | Pan      | Got a demonic rune of Zot
 44477 | Pan      | Found an exit through the horrors of the Abyss.
 44677 | Pan      | Entered the realm of Mnoleg.
 44782 | Pan      | Found an exit through the horrors of the Abyss.
 44858 | Pan      | Reached skill level 10 in Charms
 44984 | Pan      | Reached XP level 25. HP: 109/112 MP: 43/45
 45028 | Pan      | Noticed Mnoleg
 45056 | Pan      | Got a glowing rune of Zot
 45181 | Pan      | Noticed Shisch the pandemonium lord
 45195 | Pan      | Found an exit through the horrors of the Abyss.
 45215 | Pan      | Noticed Mnoleg
 45779 | Pan      | Found an exit through the horrors of the Abyss.
 45962 | Pan      | Noticed Eskem the pandemonium lord
 45983 | Pan      | Killed Eskem the pandemonium lord
 45983 | Pan      | Reached skill level 10 in Stealth
 46220 | Pan      | Entered the realm of Cerebov.
 46464 | Pan      | Noticed Cerebov
 46510 | Pan      | Got a fiery rune of Zot
 46552 | Pan      | Found an exit through the horrors of the Abyss.
 46576 | Pan      | Found an exit through the horrors of the Abyss.
 46599 | Pan      | Found a runed door.
 46734 | Pan      | Noticed Cerebov
 46965 | Pan      | Received a gift from Sif Muna
 46966 | Pan      | Noticed Mnyhett the pandemonium lord
 47230 | Pan      | Gained mutation: You are partially covered in thin metallic scales (AC +2). [potion of beneficial mutation]
 47322 | Pan      | Found a white marble altar of Elyvilon.
 47367 | Pan      | Found an exit through the horrors of the Abyss.
 47420 | Pan      | Noticed Mnoleg
 47426 | Pan      | Paralysed by a giant eyeball for 3 turns
 47827 | Pan      | Found an exit through the horrors of the Abyss.
 47936 | Pan      | Noticed Cerebov
 48033 | Pan      | Noticed Thigo the pandemonium lord
 48050 | Pan      | Engulfed by Cerebov's flame
 48051 | Pan      | Reached XP level 24. HP: -2/109 MP: 0/45
 48096 | Pan      | Found an exit through the horrors of the Abyss.
 48113 | Pan      | Noticed Mnoleg
 48121 | Pan      | Took an exit into the Abyss.
 48121 | Abyss:1  | Escaped into the Abyss
 48750 | Abyss:2  | Paralysed by accursed screaming for 1 turns
 49014 | Abyss:5  | Entered Level 5 of the Abyss
 49326 | Abyss:5  | Paralysed by you for 4 turns
 49430 | Abyss:5  | Found a sacrificial altar of Ru.
 49677 | Abyss:5  | Found a corrupted altar of Lugonu.
 49716 | Abyss:5  | Got an abyssal rune of Zot
 49743 | Abyss:5  | Reached skill level 22 in Summonings
 49789 | Depths:3 | Escaped the Abyss
 49791 | Pan      | Entered Pandemonium
 49966 | Pan      | Noticed Cerebov
 50040 | Pan      | Found an exit through the horrors of the Abyss.
 50056 | Pan      | Entered the realm of Gloorx Vloq.
 50371 | Pan      | Noticed Gloorx Vloq
 50393 | Pan      | Killed Gloorx Vloq
 50425 | Pan      | Got a dark rune of Zot
 50473 | Pan      | Noticed McCoppin's ghost (legendary NaFi)
 50529 | Pan      | Killed McCoppin's ghost
 50558 | Pan      | Reached XP level 25. HP: 102/112 MP: 29/45
 50806 | Pan      | Found an exit through the horrors of the Abyss.
 50999 | Pan      | Noticed Cerebov
 51095 | Pan      | Found a gateway to a ziggurat.
 51111 | Zig:1    | Entered Level 1 of a ziggurat
 51140 | Zig:2    | Entered Level 2 of a ziggurat
 51277 | Zig:3    | Entered Level 3 of a ziggurat
 51320 | Zig:4    | Entered Level 4 of a ziggurat
 51393 | Zig:5    | Entered Level 5 of a ziggurat
 51433 | Zig:5    | Received a gift from Sif Muna
 51433 | Zig:5    | Reached XP level 26. HP: 111/118 MP: 44/46
 51438 | Zig:5    | Identified Sif Muna's Tome of Gravity (Sif Muna gifted it to you on level 5 of a ziggurat)
 51444 | Zig:6    | Entered Level 6 of a ziggurat
 51522 | Zig:7    | Entered Level 7 of a ziggurat
 51613 | Zig:8    | Entered Level 8 of a ziggurat
 51647 | Zig:8    | Got a heavily runed bone ring
 51648 | Zig:8    | Identified the ring "Tweinergh" {SustAb Stlth+} (You found it on level 8 of a ziggurat)
 51846 | Pan      | Entered the realm of Lom Lobon.
 51846 | Pan      | Found an exit through the horrors of the Abyss.
 52047 | Pan      | Noticed Lom Lobon
 52070 | Pan      | Got a magical rune of Zot
 52147 | Pan      | Took an exit into the Abyss.
 52147 | Abyss:1  | Escaped into the Abyss
 52175 | Depths:3 | Escaped the Abyss
 52177 | Depths:3 | Upgraded the game from 0.17-a0-1-g1f4be75 to 0.18-a0-33-g9e10395
 52177 | Depths:3 | Upgraded the game from 0.18-a0-33-g9e10395 to 0.18-a0-822-gb52b7b4
 52177 | Depths:3 | Quit the game

Vault maps used:
D:1:      dpeg_arrival_shelter
D:2:      overflow_temple_1_default, uniq_iyjb, uniq_robin
D:3:      nicolae_overflow_hidden_temple, minmay_lizard_king, uniq_natasha
D:4:      minmay_temple_entry_nine_rooms, first_bread
D:5:      beetle_altar_1, fedhas_altar_fruit_tree
D:6:      old_standard_altar
D:7:      lemuel_doored_altar, kennysheep_little_box,
          lightli_bailey_entry_fortress, nemelex_diamond_rough_becter
D:8:      statuecave_lemuel
D:9:      orc_0_dummy, special_room, uniq_eustachio
D:10:     lair_0_dummy, hangedman_pestilent_swarm, lemuel_another_geyser
D:11:     forest_paths, lightli_minifort
D:12:     uniq_grum
D:13:     basic_altar, uniq_erolcha, uniq_fannar
D:14:     grunt_vaults_entry_fortified, kennysheep_flooded_box, uniq_roxanne,
          uniq_sonja, uniq_louise
D:15:     hangedman_depths_entry_civil_slaughter, evilmike_ruin_ashenzari
Temple:   circular_temple_12
Lair:1:   minivault_26, nicolae_quartered_pool_medium
Lair:2:   lemuel_centaur_altar
Lair:3:   grunt_megastairs_3, lemuel_fruit_fields
Lair:4:   mu_elephants_graveyard, serial_bayou_shore_b, lemuel_fruit_tree,
          uniq_nergalle
Lair:5:   minmay_lair_oklob_tunnel, swamp_mist_pool
Lair:6:   dummy_snake_entry, grunt_forest_stairs_basic, grunt_megastairs_2
Lair:8:   grunt_lair_end_beastmaster, slime_altar_1,
          infiniplex_staircase_pool_2, grunt_megastairs_4, uniq_rupert
Swamp:1:  hangedman_swamp_cone, swamp_pool2, infiniplex_staircase_pool
Swamp:2:  evilmike_swamp_ruin_house_5, swamp_pool4
Swamp:3:  evilmike_swamp_ruin_house_1
Swamp:4:  nicolae_swamp_trees_clearing
Swamp:5:  swamp_vile, swamp_pool1
Snake:1:  uniq_urug, uniq_azrael
Snake:3:  grunt_megastairs_5
Snake:4:  basic_altar
Snake:5:  grunt_snake_rune_spirals, serial_bayou_shore_b
Slime:2:  nicolae_slime_barrier
Slime:4:  cheibrodos_slime_lost_civilization_6, uniq_dissolution
Slime:5:  basic_altar
Orc:3:    serial_shops, shop_coins, shop, nicolae_shop_waterfront,
          nicolae_orc_pool_cavern, nicolae_orc_lost_temple
Orc:4:    st_orc_congregation
Elf:1:    elf_arrival_002, serial_shops, shop, evilmike_minifort, uniq_frances,
          uniq_nessos
Elf:2:    portal_ice_cave_entry_imps, mu_enter_wizlab_4, serial_shops,
          nicolae_shop_stone, lemuel_elevator
Elf:3:    grunt_elf_hall_diamonds, st_stairs_7
Vaults:1: nicolae_vaults_mini_display_case, ontoclasm_vaults_shout,
          ontoclasm_vaults_fault, v_rooms_3, nicolae_vaults_what_the_h,
          vaults_mumra_lcd, vaults_room_corners, serial_shops, shop
Vaults:2: nicolae_vaults_little_squares_1, ontoclasm_vaults_misaligned,
          vaults_mumra_minichess_inversion, hangedman_vaults_snaps,
          blue_anna_dwarven_crypt, v_misc_1, v_misc_16, hangedman_vaults_impose,
          grunt_vaults_diagonal, grunt_tower_of_power, vaults_dpeg_hooks,
          hangedman_vaults_slice
Vaults:3: vaults_room_stairs_pillars, nicolae_vaults_little_squares_1,
          vaults_room_fours, hangedman_vaults_nodes, vaults_room_fours,
          ontoclasm_vaults_spin, ontoclasm_vaults_eye, grunt_vaults_focal,
          ontoclasm_vaults_shuriken, vaults_dpeg_encased_lava, vaults_room_grid,
          serial_shops, shop_statue
Vaults:4: v_misc_13, nicolae_vaults_disjoint_gnomons, v_rooms_6,
          nicolae_vaults_shelves_hall, vaults_room_fancy_cross,
          vaults_room_door_hall, vaults_mumra_hex, ontoclasm_vaults_twist,
          v_misc_4, ontoclasm_vaults_ring_square,
          nicolae_vaults_little_squares_3, grunt_vaults_hallway_long,
          vaults_dpeg_ring, vaults_mumra_hexcomb, serial_shops, shop
Crypt:1:  uniq_sojobo
Crypt:2:  crypt_curse_skull, corexii_hall_statues_u, st_small_mortuary
Crypt:3:  due_elkab
Tomb:1:   uniq_jorgrun
Depths:1: minmay_nine_rooms, enter_ziggurat_a, pf_coc_iceberg,
          rand_demon_pan_entry_3, roderic_lattice_a, grunt_decor_fettered,
          tgw_lugonu_bribe, serial_bayou_shore_b,
          infiniplex_staircase_pool_lava, uniq_agnes
Depths:2: box_level_dp, hell_entry, pan_entry
Depths:3: grunt_twist_and_shout, hell_entry, eino_curves_02,
          rand_demon_pan_entry_7, minmay_staircase_windowed_large,
          uniq_frederick
Depths:4: gold_lair_mu, enter_ziggurat_e, minmay_misc_feat_diagonals,
          minmay_room_of_horrors, serial_shops, nicolae_shop_trees,
          enter_trove_1, pf_hell_entry_tar_river,
          minmay_staircase_windowed_small, firewood_loft
Depths:5: evilmike_zot_entry_round, grunt_hell_horde, marbit_kobold_abyss_entry,
          grunt_pan_entry_zigzag, minmay_misc_feat_columns, uniq_saint_roka
Zot:1:    zot_minivault_8, uniq_tiamat
Zot:2:    lemuel_firehouse
Zot:4:    minmay_elemental_castle, basic_stair_grate_trap
Abyss:1:  evilmike_abyss_exit_9
Abyss:4:  hangedman_illusive_loot, evilmike_abyss_rune_elephants,
          bh_abyss_xom_lugonu_altar
Abyss:5:  abyss_rune_water_cross, hangedman_abyss_or_decor_slice
Pan:      rand_demon_8, evilmike_mini_pan_branches,
          nicolae_pan_gloorx_vloqian_2, lemuel_hellion_island,
          nicolae_pan_sigil_eeng, evilmike_mini_pan_layers,
          nicolae_pan_double_arrow, mnoleg_st, evilmike_mini_pan_thingy,
          uniq_mnoleg, reaverb_pan_chaos_star, nicolae_pan_hourglass,
          pan_blood_fountain_small, cerebov_grunt, pan_blood_fountain,
          pan_disco_hall, evilmike_mini_pan_T, enter_ziggurat_pan_c,
          rand_demon_9, uniq_cerebov, evilmike_mini_pan_corner,
          evilmike_mini_pan_layers, nicolae_pan_sigil_nadil, evilmike_holy_pan,
          nicolae_pan_giant_door, uniq_mnoleg, nicolae_pan_mnolegish_1,
          evilmike_mini_pan_doors, evilmike_mini_pan_pillars, uniq_cerebov,
          evilmike_mini_pan_T, pan_blood_fountain_small, pan_blood_fountain,
          rand_demon_3, uniq_cerebov, evilmike_mini_pan_V,
          evilmike_mini_pan_doors_b, uniq_mnoleg, rand_demon_6,
          pan_blood_fountain_small, rand_demon_6, uniq_cerebov,
          nicolae_pan_sigil_uleosi, evilmike_gloorx_vloq_box, rand_demon_2,
          uniq_mennas_pan, evilmike_mini_pan_possible_glass, uniq_cerebov,
          rand_demon_4, nicolae_pan_glass_arcs, enter_ziggurat_pan_b,
          evilmike_mini_pan_thingy, lom_lobon_st, enter_ziggurat_pan_d,
          pan_blood_fountain_2
Zig:5:    ziggurat_loot_2
Zig:6:    ziggurat_pillar_centre_c
Zig:7:    ziggurat_loot_1, ziggurat_pillar_centre_dead_trees
Zig:9:    ziggurat_pillar_centre_k, ziggurat_pillar_centre_smoke
Zig:10:   ziggurat_loot_1
Bailey:   bailey_polearm_2, bailey
IceCv:    ice_cave_tombish
WizLab:   wizlab_eringya

Action                   |  1- 3 |  4- 6 |  7- 9 | 10-12 | 13-15 | 16-18 | 19-21 | 22-24 | 25-27 || total
-------------------------+-------+-------+-------+-------+-------+-------+-------+-------+-------++-------
Melee: Unarmed           |    10 |    34 |    60 |    34 |     8 |    79 |    18 |    96 |     6 ||   345
 Cast: Summon Small Mamm |    21 |    14 |     1 |       |       |       |       |       |       ||    36
       Call Imp          |     9 |    26 |    36 |       |       |       |       |       |       ||    71
       Call Canine Famil |       |    14 |    44 |    30 |     1 |       |       |       |       ||    89
       Summon Lightning  |       |     3 |    32 |    23 |     6 |     1 |       |       |       ||    65
       Summon Ice Beast  |       |       |    77 |   227 |    70 |       |       |       |       ||   374
       Summon Mana Viper |       |       |       |    56 |       |       |       |       |       ||    56
       Summon Forest     |       |       |       |    14 |       |       |       |       |       ||    14
       Monstrous Menager |       |       |       |     9 |   209 |   185 |    51 |       |       ||   454
       Shadow Creatures  |       |       |       |     2 |   143 |   128 |    33 |   248 |    62 ||   616
       Recall            |       |       |       |       |     9 |    29 |     7 |    24 |    11 ||    80
       Regeneration      |       |       |       |       |    71 |   101 |    40 |   114 |    40 ||   366
       Repel Missiles    |       |       |       |       |     5 |    12 |     4 |     3 |     1 ||    25
       Summon Horrible T |       |       |       |       |    16 |   160 |   107 |   190 |    56 ||   529
       Abjuration        |       |       |       |       |     2 |    18 |    11 |    60 |     4 ||    95
       Dragon's Call     |       |       |       |       |       |     5 |    17 |    90 |    29 ||   141
       Haste             |       |       |       |       |       |       |       |   106 |    33 ||   139
       Apportation       |       |       |       |       |       |       |       |    15 |     3 ||    18
       Blink             |       |       |       |       |       |       |       |    18 |     6 ||    24
       Necromutation     |       |       |       |       |       |       |       |   140 |    43 ||   183
       Death's Door      |       |       |       |       |       |       |       |     1 |     3 ||     4
Invok: Channel Energy    |       |    10 |   145 |   455 |   749 |   832 |   385 |  2199 |   614 ||  5389
       Forget Spell      |       |       |       |     4 |     2 |       |     2 |       |       ||     8
 Abil: End Transformatio |       |       |       |       |       |       |       |    40 |    15 ||    55
       Evoke Teleportati |       |       |       |       |       |       |       |     3 |       ||     3
       Evoke Flight      |       |       |       |       |       |       |       |       |     2 ||     2
       No ability        |       |       |       |       |       |       |       |       |     1 ||     1
Evoke: Wand              |       |     1 |       |     1 |     6 |    20 |     9 |    15 |     4 ||    56
       Phial of floods   |       |       |       |       |       |     2 |     1 |     3 |       ||     6
       Crystal ball of e |       |       |       |       |       |       |     3 |       |       ||     3
       Fan of gales      |       |       |       |       |       |       |       |       |     1 ||     1
  Use: Scroll            |     4 |       |    11 |    17 |    17 |    28 |    18 |    42 |    17 ||   154
       Potion            |       |       |     1 |       |     1 |    18 |    12 |    16 |     7 ||    55
 Stab: Sleeping          |     1 |     2 |     1 |     1 |     2 |     2 |       |       |       ||     9
       Distracted        |       |       |       |     1 |       |     1 |       |       |       ||     2
       Paralysed         |       |       |       |       |       |     1 |       |       |       ||     1
  Eat: Chunk             |     1 |    12 |    48 |   124 |   226 |   238 |    89 |    69 |     6 ||   813
       Beef jerky        |       |       |       |       |     5 |     4 |     4 |       |     2 ||    15
       Pizza             |       |       |       |       |     1 |       |       |       |       ||     1
       Meat ration       |       |       |       |       |       |     8 |     5 |     7 |     3 ||    23
       Royal jelly       |       |       |       |       |       |     4 |     9 |     9 |     1 ||    23
